 Dungeon Crawl Stone Soup version 0.13.0-18-g7b03ea5 (webtiles) character file.

315 Lilouch the Cudgeler (level 5, -2/33 HPs)
             Began as a Gargoyle Fighter on Oct 22, 2013.
             Killed by divine providence
             ... invoked by an orc priest
              (11 damage)
             ... on Level 4 of the Dungeon.
             The game lasted 00:08:12 (2555 turns).

Lilouch the Cudgeler (Gargoyle Fighter)             Turns: 2555, Time: 00:08:13

HP  -2/33        AC 19     Str 20      XL: 5   Next: 34%
MP   4/5         EV  2     Int  9      God:
Gold 163         SH 18     Dex  9      Spells:  0 memorised,  4 levels left

Res.Fire  : . . .   See Invis. : .   a - +0 mace
Res.Cold  : . . .   Warding    : .   v - +0 plate armour
Life Prot.: + . .   Conserve   : .   c - +0 shield
Res.Poison: +       Res.Corr.  : .   i - +0 helmet
Res.Elec. : +       Clarity    : .   s - +1 cloak {darkness}
Sust.Abil.: . .     Spirit.Shd : .   (no gloves)
Res.Mut.  : .       Stasis     : .   (no boots)
Res.Rott. : +       Flight     : .   (no amulet)
Saprovore : . . .                    (no ring)
                                     (no ring)

@: slightly resistant to hostile enchantments, extremely unstealthy
A: fangs 1, talons 2, life protection 1, electricity resistance, slow metabolism
1, unbreathing, petrification resistance, AC +4
a: Evoke Invisibility


You were on level 4 of the Dungeon.
You were not hungry.

You visited 1 branch of the dungeon, and saw 4 of its levels.

You collected 143 gold pieces.

Inventory:

Hand weapons
 a - a +0,+0 mace (weapon)
Missiles
 n - 23 poisoned needles
Armour
 c - a +0 shield (worn)
 i - a +0 helmet (worn)
 s - a +1 cloak of darkness (worn)
 v - a +0 plate armour (worn)
Comestibles
 d - 3 bread rations
 z - a snozzcumber
Scrolls
 b - a scroll of random uselessness {unknown}
 e - a scroll of enchant armour {unknown}
 g - a scroll of recharging {unknown}
 j - 2 scrolls of enchant weapon II {unknown}
 m - a scroll of remove curse {unknown}
 o - a scroll of enchant weapon I {unknown}
 p - 2 scrolls of curse jewellery {unknown}
 t - 4 scrolls of identify {unknown}
 y - a scroll of amnesia {unknown}
Jewellery
 l - an uncursed ring of sustenance {unknown}
 q - an uncursed ring of protection from cold {unknown}
Potions
 f - 5 potions of curing {unknown}
 h - 2 potions of restore abilities {unknown}
 k - a potion of heal wounds {unknown}
 r - a potion of brilliance {unknown}
 u - a potion of speed {unknown}
 w - a potion of confusion {unknown}
 x - a potion of agility {unknown}
 A - a potion of might {unknown}
 B - a potion of berserk rage {unknown}


   Skills:
 - Level 3.2 Fighting
 * Level 4.9 Maces & Flails
 + Level 4.3 Armour
 - Level 3.2 Shields
 + Level 1.2 Evocations


You had 4 spell levels left.
You didn't know any spells.

Dungeon Overview and Level Annotations

Branches:
Dungeon (4/27)
 Temple: D:4-7

Altars:
Nemelex Xobeh
the Shining One


Innate Abilities, Weirdness & Mutations

You are resistant to torment.
You are immune to poison.
Your stone body is very resilient (AC +4).
You have very sharp teeth.
You have razor-sharp toenails.
You resist negative energy.
You are resistant to electric shocks.
You have a slow metabolism.
You can survive without breathing.
You are immune to petrification.


Message History

Something smites you!
* * * LOW HITPOINT WARNING * * *
The jackal bites you but does no damage.
The jackal barely misses you.
The orc priest hits you but does no damage.
You hit the orc priest.
The orc priest is almost dead.
The jackal bites you but does no damage.
You block the jackal's attack.
The orc priest hits you but does no damage.
The jackal barely misses you.
You hit the orc priest.
You kill the orc priest!
The jackal bites you but does no damage.
It hits you.
* * * LOW HITPOINT WARNING * * *
The jackal bites you but does no damage.
The orc priest calls down the wrath of Beogh upon you.
Something smites you!
You die...

##########. #.......... #
####.########.
####.#....####...#
........#..##..#)##
...#.##.#......#@.#
....>...##....##hh.......
...#.##.##....##oS###...
.. #.....##..##...# # .
#.....##..# ...#
#......####....#
#......## ....# #.......#
..#### #.###...#


You could see an orc priest, an adder and 2 jackals.

Vanquished Creatures
  An orc priest (D:4)
  An ogre skeleton (D:4)
  2 adders
  3 worms (D:2)
  3 giant geckos
  An ooze (D:2)
  A ball python (D:2)
  2 giant cockroaches
  7 goblins
  11 hobgoblins
  3 jackals (D:2)
  3 quokkas
  7 bats
  5 giant newts
  9 kobolds
  10 rats
69 creatures vanquished.

Notes
Turn   | Place    | Note
--------------------------------------------------------------
     0 | D:1      | Lilouch, the Gargoyle Fighter, began the quest for the Orb.
     0 | D:1      | Reached XP level 1. HP: 14/14 MP: 0/0
   208 | D:1      | Reached XP level 2. HP: 19/19 MP: 1/1
   308 | D:1      | Found a glowing golden altar of the Shining One.
   922 | D:2      | Reached XP level 3. HP: 24/24 MP: 2/2
  1046 | D:2      | Reached skill level 4 in Armour
  1208 | D:2      | Found a sparkling altar of Nemelex Xobeh.
  1664 | D:2      | Reached XP level 4. HP: 28/28 MP: 3/3
  2504 | D:4      | Reached skill level 1 in Evocations
  2504 | D:4      | Reached XP level 5. HP: 31/33 MP: 4/4
  2555 | D:4      | Killed from afar by an orc priest

Action                   |  1- 3 |  4- 6 || total
-------------------------+-------+-------++-------
Melee: Mace              |   114 |    87 ||   201
